 Dungeon Crawl Stone Soup version 0.29.1-12-g30fa7ad0bf (webtiles) character file.

Game seed: 3532298053177191823

209 croobank the Conjurer (level 5, -1/37 HPs)
             Began as a Demonspawn Conjurer on Dec 17, 2022.
             Was an Initiate of Gozag.
             Slain by a gnoll sergeant
             ... wielding a +0 trident
              (7 damage)
             ... on level 4 of the Dungeon.
             The game lasted 00:11:37 (4089 turns).

croobank the Conjurer (Demonspawn Conjurer)         Turns: 4089, Time: 00:11:38

Health: -1/37      AC:  6    Str: 12    XL:     5   Next: 55%
Magic:  7/9        EV: 12    Int: 27    God:    Gozag
Gold:   209        SH:  9    Dex: 11    Spells: 3/9 levels left

rFire   . . .      SeeInvis .   c - +7 long sword of the Festooned God {flame, rC+++ rCorr Str+4 Stlth-}
rCold   + + +      Faith    .   (no shield)
rNeg    . . .      Spirit   .   b - +2 robe {Will+}
rPois   .          Reflect  +   (no helmet)
rElec   .          Harm     .   (no cloak)
rCorr   +          Rampage  .   d - +0 pair of gloves
Will    +....                   j - +0 pair of boots
Stlth   +.........              u - amulet of reflection
HPRegen 0.12/turn               g - +6 ring of intelligence
MPRegen 0.11/turn               (no ring)

@: gold aura
A: foul stench 2, condensation shield
a: Renounce Religion, Potion Petition, Call Merchant, Bribe Branch


You were on level 4 of the Dungeon.
You worshipped Gozag.
Gozag was aware of your devotion.
You visited 1 branch of the dungeon, and saw 4 of its levels.

You collected 268 gold pieces.
You paid 59 gold pieces to Gozag.

Inventory:

Hand Weapons
 a - a +0 short sword of venom
 c - the +7 long sword of the Festooned God (weapon) {flame, rC+++ rCorr Str+4 Stlth-}
   (You acquired it on level 2 of the Dungeon)

   It burns those it strikes, dealing additional fire damage.
   Big, fiery blades are also staple armaments of hydra-hunters.
   Str:       It affects your strength (+4).
   rC:        It renders you almost immune to cold.
   rCorr:     It protects you from acid and corrosion.
   Stlth:     It makes you less stealthy.
 m - a +1 vorpal mace
 p - a +3 falchion
 v - a +1 war axe of electrocution
Missiles
 f - 5 poisoned darts
Armour
 b - a +2 robe of willpower (worn)
 d - a +0 pair of gloves (worn)
 j - a +0 pair of boots (worn)
 y - a +1 ring mail of fire resistance
Jewellery
 g - a +6 ring of intelligence (left hand)
 u - an amulet of reflection (around neck)
Scrolls
 h - 2 scrolls of brand weapon
 i - a scroll of poison
 q - a scroll of immolation
Potions
 e - a potion of might
 k - a potion of berserk rage
 l - 2 potions of curing
 n - 2 potions of degeneration {unknown}
 o - 6 potions of resistance {unknown}
 r - a potion of attraction {unknown}
 s - 2 potions of brilliance {unknown}
 t - 2 potions of mutation {unknown}
 x - a potion of flight {unknown}
 z - a potion of lignification {unknown}
 A - a potion of ambrosia {unknown}


   Skills:
 + Level 1.3 Fighting
 * Level 2.0 Long Blades
 + Level 2.7 Dodging
 + Level 2.9 Stealth
 + Level 2.7 Spellcasting
 + Level 4.5 Conjurations


You had 3 spell levels left.
You knew the following spells:

 Your Spells              Type           Power      Damage    Failure   Level
a - Magic Dart            Conj           100%       1d8       1%          1
b - Searing Ray           Conj           56%        2d6       1%          2
c - Dazzling Flash        Conj/Hex       32%        N/A       11%         3

Your spell library contained the following spells:

 Spells                   Type           Power      Damage    Failure   Level
 Fulminant Prism          Conj/Hex       8%         3d7       34%         4
 Iskenderun's Mystic Bla  Conj/Tloc      16%        2d5       34%         4


Dungeon Overview and Level Annotations

Branches:
Dungeon (4/15)
 Temple: D:4-7

Altars:
Gozag
Qazlal

Shops:
D:1 (   D:3 [*

Annotations:
D:3 3 runed translucent doors, lotum's ghost, novice TeFi


Innate Abilities, Weirdness & Mutations

You sometimes emit foul miasma when damaged in melee.
A meltable shield of frost defends you. (SH +4)


Message History

You slash the gnoll! You burn the gnoll.
You kill the gnoll!
A gnoll comes into view. It is wielding a +0 whip.
You block the gnoll sergeant's attack.
The gnoll sergeant hits you from afar with a +0 trident!
The gnoll sergeant hits you with a +0 trident.
You barely miss the gnoll sergeant.
The gnoll shouts!
The gnoll sergeant misses you.
You hit the gnoll sergeant but do no damage.
You block the gnoll sergeant's attack.
You closely miss the gnoll sergeant.
The gnoll sergeant hits you with a +0 trident!
You emit a cloud of foul miasma!
You are too injured to fight recklessly!
You are too injured to fight recklessly!
Casting: Dazzling Flash (dangerous; 11% risk of failure)
Confirm with . or Enter, or press ? or * to list all spells.
Aiming: Searing Ray (safe; 1% risk of failure)
Press: ? - help, Shift-Dir - straight line, f - gnoll
Aim: a gnoll, wielding a +0 whip (82% to hit)
The searing ray hits the gnoll sergeant.
The gnoll sergeant is lightly wounded.
The searing ray hits the gnoll but does no damage. (Press . to maintain the ray.)
The gnoll sergeant is engulfed in dark miasma.
The gnoll sergeant is poisoned.
The gnoll sergeant hits you but does no damage.
The gnoll sergeant is engulfed in dark miasma.
The gnoll sergeant looks even sicker.
The gnoll sergeant hits you from afar with a +0 trident.
* * * LOW HITPOINT WARNING * * *
There is a stone staircase leading up, spattered with blood here.
The gnoll hits you with a +0 whip.
* * * LOW HITPOINT WARNING * * *
The gnoll sergeant is engulfed in dark miasma.
The gnoll sergeant looks even sicker.
The gnoll sergeant hits you from afar with a +0 trident!
You die...
Your body crumbles into a pile of gold.

##.###.#.# #.#
#.<.##.#.# #.#
#......#.######## #.#
#...##.#.##.....###.##
.######.#.##.###.##...#
.)......#.##.#......#.#
..#####..#.##.#.#.##...#
...........##.....######
######@.######.........
#g.######..######.
##$.g.)......#
##............#####
#..................# $
#.#.#.#####....###.#
#.#.#.# #....# # ....#
#...## .....# #..>.#


You could see a gnoll sergeant (very poisoned) and a gnoll.

Vanquished Creatures
  Jessica (D:3)
  An orc wizard (D:2)
  6 gnolls
  2 adders
  An ufetubus (D:3)
  A worm (D:2)
  4 dart slugs
  4 orcs (D:3)
  7 bats
  5 endoplasms
  A giant cockroach (D:1)
  5 hobgoblins
  5 jackals
  6 kobolds
  3 quokkas
  4 ball pythons
  4 frilled lizards
  5 goblins
  A rat (D:3)
66 creatures vanquished.

Vanquished Creatures (others)
  A frilled lizard (D:3)
1 creature vanquished.

Grand Total: 67 creatures vanquished

Notes
Turn   | Place    | Note
-------+----------+-------------------------------------------
     0 | D:1      | croobank the Demonspawn Conjurer began the quest for the
                  | Orb.
     0 | D:1      | Reached XP level 1. HP: 13/13 MP: 3/3
   236 | D:1      | Gained mutation: You may rarely emit foul miasma when
                  | damaged in melee. [demonic ancestry]
   236 | D:1      | Reached XP level 2. HP: 12/19 MP: 3/5
   490 | D:1      | Learned a level 2 spell: Searing Ray
   491 | D:1      | Found Zeum's Weapon Boutique.
   556 | D:1      | Found a faded altar of an unknown god.
  1083 | D:2      | Identified a scroll of acquirement
  1083 | D:2      | Acquired the +7 long sword of the Festooned God {flame,
                  | rC+++ rCorr Str+4 Stlth-}
  1262 | D:2      | Gained mutation: A meltable shield of frost defends you.
                  | (SH +4) [demonic ancestry]
  1262 | D:2      | Reached XP level 3. HP: 19/24 MP: 2/6
  2087 | D:3      | Found Xesovy's Antique Armour Shop.
  2123 | D:3      | Found a runed translucent gate.
  2191 | D:3      | Found a runed translucent gate.
  2191 | D:3      | Found a runed translucent gate.
  2202 | D:3      | Reached skill level 1 in Long Blades
  2202 | D:3      | Gained mutation: You sometimes emit foul miasma when
                  | damaged in melee. [demonic ancestry]
  2202 | D:3      | Reached XP level 4. HP: 27/31 MP: 7/7
  2380 | D:3      | Found Gozag's Platinum Reserve.
  2390 | D:2      | Reached skill level 1 in Fighting
  2691 | D:3      | Reached XP level 5. HP: 37/37 MP: 5/8
  2728 | D:3      | Learned a level 3 spell: Dazzling Flash
  2764 | D:3      | Noticed Jessica
  2768 | D:3      | Killed Jessica
  2974 | D:3      | Found an opulent altar of Gozag.
  3014 | D:3      | Became a worshipper of Gozag Ym Sagoz the Greedy
  3189 | D:3      | Found a stormy altar of Qazlal.
  3524 | D:3      | Noticed lotum's ghost (novice TeFi)
  4089 | D:4      | Slain by a gnoll sergeant

Illustrated notes

Levels and vault maps discovered:
D:1:      lemuel_arrival_broad_hall, layout_loops_ring, serial_shops,
          nicolae_shop_trees, hellmonk_ecumenical_altar_inner_sanctum
D:2:      layout_loops_ring
D:3:      minmay_wonky_spiral, layout_basic, nicolae_gozag_zags_fifth_avenue,
          grunt_qazlal_clouds, serial_shops, shop, gammafunk_ghost_necromancy,
          uniq_jessica
D:4:      layout_loops_ring, nicolae_overflow_crystal_walls,
          nicolae_overflow_hidden_temple, minmay_misc_feat_alley,
          grunt_ministairs_3

Skill      XL: |  1  2  3  4  5 |
---------------+----------------+-----
Stealth        | 2 |  2.9
Dodging        | 2 |  2.7
Long Blades    | 1 2 |  2.0
Fighting       | 1 |  1.3
Spellcasting   | |  2.7
Conjurations   | |  4.5

Action                   |  1- 3 |  4- 6 || total
-------------------------+-------+-------++-------
Melee: Short sword       |    13 |       ||    13
       Long sword        |    37 |    15 ||    52
 Cast: Magic Dart        |    26 |     7 ||    33
       Searing Ray       |     4 |    15 ||    19
       Dazzling Flash    |       |     1 ||     1
  Use: Potion            |     1 |       ||     1
       Scroll            |     5 |     7 ||    12
 Stab: Sleeping          |     1 |       ||     1
Armor: Robe              |    14 |     4 ||    18
Dodge: Dodged            |    36 |    12 ||    48
Block: Other             |     2 |    15 ||    17
